 Dungeon Crawl Stone Soup version 0.20.1-1-g8b1a95d66d (webtiles) character file.

11218 Pixllover the Protected (level 11, -7/110 HPs)
             Began as a Minotaur Berserker on Jan 12, 2018.
             Was a High Priest of Trog.
             Mangled by an orc warrior
             ... wielding a +2 battleaxe of draining
              (11 damage)
             ... on level 2 of the Orcish Mines.
             The game lasted 00:30:19 (9828 turns).

Pixllover the Protected (Minotaur Berserker)        Turns: 9828, Time: 00:30:20

Health: -7/110     AC: 16    Str: 26    XL:     11   Next: 46%
Magic:  8/8        EV: 10    Int:  4    God:    Trog [*****.]
Gold:   790        SH:  4    Dex: 14    Spells: 10/10 levels left

rFire    + . .     SeeInvis +   h - +8 quarterstaff of Judgement {elec, MR+ Str+2 Dex+3}
rCold    . . .     Gourm    .   (shield currently unavailable)
rNeg     . . .     Faith    .   p - +1 plate armour {rF+}
rPois    .         Spirit   .   (helmet unavailable)
rElec    .         Reflect  .   (no cloak)
rCorr    .         Harm     .   (no gloves)
MR       +....                  (no boots)
Stlth    ..........             (no amulet)
Regen    0.3/turn               g - ring of stealth
MPRegen  0.2/turn               e - ring of see invisible

@: berserk cooldown, very slightly contaminated, slowed, very slow
A: retaliatory headbutt, claws 2, hooves 1, horns 3, large bone plates 1, low mp
1, mutation resistance 1, robust 1
a: Berserk, Trog's Hand, Brothers in Arms, Burn Spellbooks, Renounce Religion


You were on level 2 of the Orcish Mines.
You worshipped Trog.
Trog was extremely pleased with you.
You were not hungry.

You visited 3 branches of the dungeon, and saw 13 of its levels.

You collected 790 gold pieces.

Inventory:

Hand Weapons
 h - the +8 quarterstaff of Judgement (weapon) {elec, MR+ Str+2 Dex+3}
   (You found it on level 5 of the Dungeon)

   Occasionally, upon striking a foe, it will discharge some electrical energy
   and cause terrible harm.
   It affects your strength (+2).
   It affects your dexterity (+3).
   It affects your resistance to hostile enchantments.
 s - a +0 morningstar
Missiles
 f - 3 steel tomahawks (quivered)
 D - 7 needles of frenzy
Armour
 i - a +1 scale mail
 p - a +1 plate armour of fire resistance (worn)
Jewellery
 e - a ring of see invisible (right claw)
 g - a ring of stealth (left claw)
 k - a +5 ring of intelligence
Wands
 B - a wand of iceblast (12/15)
Scrolls
 a - a scroll of enchant weapon {unknown}
 b - a scroll of teleportation {unknown}
 m - a scroll of magic mapping {unknown}
 q - 7 scrolls of identify
 r - 2 scrolls of recharging
 t - a scroll of summoning
 u - 3 scrolls of enchant armour
 y - 3 scrolls of remove curse
 C - a scroll of fog
 F - a scroll of blinking {unknown}
 G - a scroll of fear {unknown}
Potions
 j - a potion of heal wounds
 n - a potion of flight
 o - 4 potions of curing
 v - 2 potions of ambrosia
 w - a potion of invisibility
 x - 3 potions of brilliance {unknown}
 A - a potion of might {unknown}
Comestibles
 c - 8 bread rations
 d - 7 meat rations
 l - 9 fruits
 z - 2 royal jellies


   Skills:
 + Level 10.2 Fighting
 + Level 8.8(11.3) Maces & Flails
 + Level 11.6(12.6) Staves
 + Level 11.8 Armour
 + Level 5.4 Dodging
 + Level 2.7 Stealth


You had 10 spell levels left.
You didn't know any spells.

Dungeon Overview and Level Annotations

Branches:
Dungeon (10/15)            Temple (1/1) D:7             Orc (2/2) D:10
   Lair: D:8-11         Elf: Orc:2

Altars:
Ashenzari
Cheibriados
Dithmenos
Elyvilon
Fedhas
Gozag
Hepliaklqana
Kikubaaqudgha
Makhleb
Nemelex Xobeh
Okawaru
Qazlal
Ru
Sif Muna
Trog
Uskayaw
Vehumet
Xom
Yredelemnul
Zin
The Shining One
Beogh

Shops:
D:4 (


Innate Abilities, Weirdness & Mutations

You reflexively headbutt those who attack you in melee.
You have a pair of large horns on your head.
You have very sharp fingernails.
You have large cloven feet.
You are partially covered in large bone plates. (SH +4)
Your magical capacity is low. (-10% MP)
You are somewhat resistant to further mutation.
You are robust. (+10% HP)


Message History

The orc is heavily wounded.
Your skin stops crawling.
You feel less resistant to hostile enchantments.
The orc warrior hits you but does no damage.
The orc unwields an uncursed arbalest.
The orc wields an uncursed mace.
The orc closely misses you. You furiously retaliate!
You headbutt the orc!!
You kill the orc!
Trog accepts your kill.
The orc warrior hits you but does no damage.
The orc warrior hits you with a hand axe.
* * * LOW HITPOINT WARNING * * *
The orc hits you but does no damage.
You hit the orc warrior.
You kill the orc warrior!
Trog accepts your kill.
The orc warrior hits you from afar with a glaive.
* * * LOW HITPOINT WARNING * * *
The orc warrior barely misses you.
The orc warrior hits you with a battleaxe of draining!
You die...

o........$........
o.............$≈.≈ ≈
≈.....#.......≈≈≈≈
≈≈.....§#..<(....≈≈≈
.....oC())(.(...≈≈##
........#C).((..≈≈#
......##o).)(..≈≈#
..##.o##oo..[.(.≈≈≈≈
......o@)o.(...$..≈≈
..............(..≈≈≈
#......(.(....(.....
....#...............
... #..$............
.. ..............o..
. ..........$....
..#............


You could see a cyclops, 5 orc warriors and an orc.

Vanquished Creatures
  A stone giant (Orc:1)
  The ghost of Pixllover the Cruncher, a journeyman MiBe of Trog (D:10)
  A two-headed ogre (D:8)
  Pikel (D:6)
  2 centaur zombies (D:9)
  A troll (D:9)
  2 hellwings (D:9)
  Grinder (D:5)
  A meliai zombie (D:9)
  A hippogriff (D:7)
  A wraith (D:10)
  A hungry ghost (D:9)
  4 wargs
  A water moccasin (D:8)
  Duvessa (D:7)
  4 black bears
  3 sky beasts
  A slave (D:6)
  14 orc warriors
  An ice beast (D:9)
  7 ogres
  3 centaurs
  A wyvern zombie (D:9)
  4 bullfrogs (D:7)
  Dowan (D:7)
  A wyvern skeleton (D:9)
  2 scorpions
  2 howler monkeys
  A crimson imp (D:7)
  9 hounds
  9 orc priests
  5 centaur skeletons
  A bullfrog skeleton (D:10)
  A gnoll shaman (D:7)
  A jelly (D:10)
  12 orc wizards
  Terence (D:3)
  3 iguanas
  10 worker ants
  A hound zombie (D:6)
  6 gnolls
  9 adders
  5 shadow imps
  2 oozes
  An adder skeleton (D:8)
  A worm (D:3)
  2 dart slugs
  9 leopard geckos
  31 orcs
  7 bats
  3 giant cockroaches
  12 goblins
  7 hobgoblins
  12 jackals
  6 quokkas
  2 ball pythons
  4 frilled lizards
  2 kobolds (D:1)
  A leopard gecko skeleton (D:4)
  A quokka skeleton (D:7)
  6 rats
  A withered plant (D:9)
248 creatures vanquished.

Vanquished Creatures (collateral kills)
  An orc warrior (Orc:2)
  A centaur (Orc:2)
2 creatures vanquished.

Vanquished Creatures (others)
  A centaur warrior (Orc:2)
  A black bear (D:6)
  2 orc warriors (Orc:2)
  An ogre (D:7)
  A jelly (D:5)
  An orc wizard (Orc:2)
  2 orcs (Orc:2)
  A withered plant (D:9)
10 creatures vanquished.

Grand Total: 260 creatures vanquished

Notes
Turn   | Place    | Note
-------+----------+-------------------------------------------
     0 | D:1      | Pixllover the Minotaur Berserker began the quest for the Orb.
     0 | D:1      | Reached XP level 1. HP: 19/19 MP: 0/0
   283 | D:1      | Reached XP level 2. HP: 27/27 MP: 1/1
   645 | D:1      | Reached XP level 3. HP: 27/33 MP: 2/2
   652 | D:1      | Reached ** piety under Trog
  1241 | D:2      | Found a bloodstained altar of Trog.
  1313 | D:2      | Reached XP level 4. HP: 36/41 MP: 3/3
  1351 | D:2      | Found a shadowy altar of Dithmenos.
  1352 | D:2      | Found a deep blue altar of Sif Muna.
  1711 | D:3      | Noticed Terence
  1730 | D:3      | Killed Terence
  1847 | D:3      | Gained mutation: Your flesh is cold resistant. (rC+) [potion of mutation]
  1847 | D:3      | Gained mutation: You are robust. (+10% HP) [potion of mutation]
  1847 | D:3      | Gained mutation: Your flesh is heat resistant. (rF+) [potion of mutation]
  1847 | D:3      | Gained mutation: Your movements are slightly less encumbered by armour. (ER -2) [potion of mutation]
  1856 | D:3      | Reached *** piety under Trog
  2004 | D:3      | Reached skill level 5 in Fighting
  2004 | D:3      | Reached skill level 5 in Maces & Flails
  2004 | D:3      | Reached XP level 5. HP: 49/52 MP: 4/4
  2549 | D:4      | Found Xobb's Weapon Shop.
  2559 | D:4      | Noticed an ogre
  2559 | D:4      | Reached XP level 6. HP: 56/61 MP: 5/5
  2717 | D:4      | Found a sparkling altar of Nemelex Xobeh.
  2728 | D:4      | Reached skill level 5 in Armour
  2728 | D:4      | Reached XP level 7. HP: 61/67 MP: 6/6
  2884 | D:4      | Reached **** piety under Trog
  3352 | D:5      | Entered Level 5 of the Dungeon
  3391 | D:5      | Reached skill level 1 in Stealth
  3526 | D:5      | Noticed Grinder
  3533 | D:5      | Killed Grinder
  3533 | D:5      | Reached XP level 8. HP: 77/77 MP: 7/7
  3607 | D:5      | Found a radiant altar of Vehumet.
  3689 | D:5      | Found a burning altar of Makhleb.
  3923 | D:5      | Found a hazy altar of Hepliaklqana.
  4070 | D:5      | Lost mutation: You are robust. (+10% HP) [potion of mutation]
  4070 | D:5      | Lost mutation: Your flesh is heat resistant. (rF+) [potion of mutation]
  4070 | D:5      | Lost mutation: Your movements are slightly less encumbered by armour. (ER -2) [potion of mutation]
  4070 | D:5      | Gained mutation: You are occasionally teleported next to monsters. [potion of mutation]
  4070 | D:5      | Gained mutation: Your spells are a little easier to cast, but a little less powerful. [potion of mutation]
  4070 | D:5      | Gained mutation: You are somewhat resistant to further mutation. [potion of mutation]
  4071 | D:5      | Lost mutation: You are somewhat resistant to further mutation. [potion of mutation]
  4071 | D:5      | Lost mutation: Your flesh is cold resistant. (rC+) [potion of mutation]
  4071 | D:5      | Lost mutation: Your spells are a little easier to cast, but a little less powerful. [potion of mutation]
  4071 | D:5      | Gained mutation: Your spells are a little harder to cast, but a little more powerful. [potion of mutation]
  4071 | D:5      | Gained mutation: You are robust. (+10% HP) [potion of mutation]
  4552 | D:5      | Got a slimy quarterstaff
  4553 | D:5      | Identified the +8 quarterstaff of Judgement {elec, MR+ Str+2 Dex+3} (You found it on level 5 of the Dungeon)
  5191 | D:6      | Reached skill level 1 in Staves
  5393 | D:6      | Lost mutation: You are robust. (+10% HP) [potion of mutation]
  5393 | D:6      | Lost mutation: Your spells are a little harder to cast, but a little more powerful. [potion of mutation]
  5393 | D:6      | Lost mutation: You are occasionally teleported next to monsters. [potion of mutation]
  5393 | D:6      | Gained mutation: You are covered in fur. (AC +1) [potion of mutation]
  5393 | D:6      | Gained mutation: Your magical capacity is low. (-10% MP) [potion of mutation]
  5393 | D:6      | Gained mutation: You have large cloven feet. [potion of mutation]
  5423 | D:6      | Noticed Pikel
  5429 | D:6      | Killed Pikel
  5429 | D:6      | Reached XP level 9. HP: 68/79 MP: 7/7
  5570 | D:6      | Reached skill level 5 in Staves
  5574 | D:6      | Gained mutation: You have sharp fingernails. [mutagenic meat]
  5575 | D:6      | Lost mutation: You are covered in fur. (AC +1) [mutagenic meat]
  5850 | D:7      | Noticed Duvessa
  5850 | D:7      | Noticed Dowan
  5854 | D:7      | Killed Duvessa
  5857 | D:7      | Killed Dowan
  6260 | D:7      | Reached ***** piety under Trog
  6597 | D:7      | Reached skill level 5 in Dodging
  6601 | D:7      | Gained mutation: You have a pair of large horns on your head. [mutagenic meat]
  6848 | D:7      | Found a staircase to the Ecumenical Temple.
  6857 | Temple   | Entered the Ecumenical Temple
  7178 | D:8      | Reached XP level 10. HP: 88/90 MP: 8/8
  7208 | D:8      | Noticed a two-headed ogre
  7217 | D:8      | Killed a two-headed ogre
  7286 | D:8      | Found a basalt altar of Yredelemnul.
  8359 | D:9      | Reached skill level 10 in Armour
  8379 | D:9      | Reached skill level 10 in Staves
  8879 | D:10     | Entered Level 10 of the Dungeon
  8968 | D:10     | Gained mutation: You are partially covered in large bone plates. (SH +4) [mutagenic meat]
  8969 | D:10     | Gained mutation: You have very sharp fingernails. [mutagenic meat]
  8970 | D:10     | Gained mutation: You are somewhat resistant to further mutation. [mutagenic meat]
  8971 | D:10     | Gained mutation: You are robust. (+10% HP) [mutagenic meat]
  8973 | D:10     | Noticed Pixllover's ghost (journeyman MiBe)
  8986 | D:10     | Killed Pixllover's ghost
  8986 | D:10     | Reached XP level 11. HP: 99/108 MP: 8/8
  9052 | D:10     | Received a gift from Trog
  9447 | D:10     | Found a staircase to the Orcish Mines.
  9456 | Orc:1    | Entered Level 1 of the Orcish Mines
  9489 | Orc:1    | Found a roughly hewn altar of Beogh.
  9639 | Orc:1    | Noticed a stone giant
  9646 | Orc:1    | Killed a stone giant
  9646 | Orc:1    | Reached skill level 10 in Fighting
  9778 | Orc:2    | Entered Level 2 of the Orcish Mines
  9778 | Orc:2    | Noticed a centaur warrior
  9815 | Orc:2    | Killed a centaur warrior
  9828 | Orc:2    | HP: 4/110 [orc warrior/glaive (4)]
  9828 | Orc:2    | Mangled by an orc warrior

Skill      XL: |  1  2  3  4  5  6  7  8  9 10 11 |
---------------+----------------------------------+-----
Fighting       | 4 5 6 7 8 9 10 | 10.2
Maces & Flails | 4 5 6 7 8 |  8.8
Armour         | 3 5 7 9 11 | 11.8
Dodging        | 3 4 5 |  5.4
Stealth        | 1 2 |  2.7
Staves         | 4 7 10 11 | 11.6

Action                   |  1- 3 |  4- 6 |  7- 9 | 10-12 || total
-------------------------+-------+-------+-------+-------++-------
Melee: Mace              |    67 |    99 |       |       ||   166
       Headbutt          |     6 |    11 |    22 |    45 ||    84
       Morningstar       |       |    11 |    56 |       ||    67
       Quarterstaff      |       |       |   103 |   157 ||   260
       Kick              |       |       |    24 |    59 ||    83
Throw: Tomahawk          |       |       |     1 |       ||     1
Invok: Burn Spellbooks   |       |     2 |     3 |     4 ||     9
       Berserk           |       |     2 |     4 |     4 ||    10
       Brothers in Arms  |       |       |       |     2 ||     2
       Trog's Hand       |       |       |       |     1 ||     1
  Use: Scroll            |     2 |     2 |     6 |     1 ||    11
       Potion            |     1 |     2 |     8 |     6 ||    17
 Stab: Sleeping          |     1 |     1 |     2 |       ||     4
       Invisible         |       |       |       |     5 ||     5
  Eat: Chunk             |     1 |     6 |    13 |    12 ||    32
       Fruit             |       |       |     1 |     1 ||     2
       Bread ration      |       |       |     2 |       ||     2
       Royal jelly       |       |       |     1 |     1 ||     2
Armor: Animal skin       |     4 |       |       |       ||     4
       Scale mail        |    25 |    58 |    41 |       ||   124
       Leather armour    |       |     1 |     7 |       ||     8
       Plate armour      |       |       |    17 |    75 ||    92
Dodge: Dodged            |    53 |   104 |   114 |   104 ||   375
Block: Other             |       |       |       |     9 ||     9
